 Dungeon Crawl Stone Soup version 0.27.0-1-g7a089689b8 (webtiles) character file.

Game seed: 18442276324274620744

3492 graki42 the Thaumaturge (level 9, 0/45 HPs)
             Began as a Deep Elf Fire Elementalist on Aug 12, 2021.
             Was a Believer of Qazlal.
             Killed from afar by a steam dragon (16 damage)
             ... with a ball of steam
             ... on level 7 of the Dungeon.
             The game lasted 00:35:02 (7405 turns).

graki42 the Thaumaturge (DEFE)                      Turns: 7405, Time: 00:35:03

Health: 0/45       AC:  4    Str:  8    XL:     9   Next: 80%
Magic:  17/24      EV: 13    Int: 27    God:    Qazlal [**....]
Gold:   344        SH:  2    Dex: 15    Spells: 7/27 levels left

rFire    . . .     SeeInvis .   g - +4 quarterstaff (chaos)
rCold    . . .     Faith    +   (shield currently unavailable)
rNeg     . . .     Spirit   .   a - +0 robe
rPois    .         Reflect  .   (no helmet)
rElec    .         Harm     .   r - +0 cloak {rCorr}
rCorr    +         Rampage  .   o - +0 pair of gloves
Will     .....                  (no boots)
Stlth    ++........             k - amulet of faith
HPRegen  0.15/turn              y - +6 ring of intelligence
MPRegen  0.19/turn              (no ring)

@: no status effects
A: no striking features
a: Renounce Religion, Upheaval


You were on level 7 of the Dungeon.
You worshipped Qazlal.
Qazlal was pleased with you.
You visited 2 branches of the dungeon, and saw 9 of its levels.

You collected 344 gold pieces.

Inventory:

Hand Weapons
 g - a +4 quarterstaff of chaos (weapon)
 u - a +2 whip of chaos
Missiles
 B - 2 throwing nets
Armour
 a - a +0 robe (worn)
 o - a +0 pair of gloves (worn)
 r - a +0 cloak of preservation (worn)
 C - +1 swamp dragon scales
Jewellery
 k - an amulet of faith (around neck)
 y - a +6 ring of intelligence (left hand)
Wands
 i - a wand of polymorph (15)
 j - a wand of flame (11)
 w - a wand of iceblast (13)
Scrolls
 e - 2 scrolls of summoning {unknown}
 f - 2 scrolls of noise {unknown}
 m - 2 scrolls of enchant weapon {unknown}
 p - a scroll of amnesia {unknown}
 s - a scroll of magic mapping {unknown}
 t - a scroll of identify
 v - 2 scrolls of silence {unknown}
 z - a scroll of immolation {unknown}
 D - a scroll of teleportation {unknown}
 E - a scroll of fog {unknown}
Potions
 b - 2 potions of cancellation {unknown}
 c - a potion of curing {unknown}
 h - a potion of berserk rage {unknown}
 l - a potion of heal wounds
 n - a potion of might {unknown}
 q - a potion of ambrosia {unknown}
 x - a potion of lignification {unknown}
 A - a potion of degeneration {unknown}
 F - a potion of invisibility {unknown}
 G - a potion of flight {unknown}
 H - a potion of mutation {unknown}


   Skills:
 - Level 3.0 Dodging
 - Level 3.0 Stealth
 + Level 9.6 Spellcasting
 + Level 7.6 Conjurations
 + Level 8.9 Hexes
 + Level 8.3 Fire Magic


You had 7 spell levels left.
You knew the following spells:

 Your Spells              Type           Power      Damage    Failure   Level
a - Foxfire               Conj/Fire      100%       2x1d9     1%          1
b - Conjure Flame         Conj/Fire      54%        6-21      1%          3
c - Inner Flame           Hex/Fire       56%        N/A       1%          3
d - Sticky Flame          Conj/Fire      54%        2d7       1%          4
e - Fireball              Conj/Fire      27%        3d12      4%          5
f - Cause Fear            Hex            28%        N/A       1%          4

Your spell library contained the following spells:

 Spells                   Type           Power      Damage    Failure   Level
 Magic Dart               Conj           100%       1d8       1%          1
 Mephitic Cloud           Conj/Pois/Air  26%        N/A       4%          3
 Call Imp                 Summ           13%        N/A       7%          2
 Discord                  Hex            28%        N/A       100%        8


Dungeon Overview and Level Annotations

Branches:
Dungeon (8/15)             Temple (1/1) D:4
   Lair: D:8-11

Altars:
Ashenzari
Dithmenos
Elyvilon
Fedhas
Gozag
Hepliaklqana
Kikubaaqudgha
Makhleb
Nemelex Xobeh
Okawaru
Qazlal
Ru
Sif Muna
Trog
Vehumet
Wu Jian
Xom
Yredelemnul
Zin
The Shining One

Shops:
D:5 (


Message History

The sticky flame hits the steam dragon.
The steam dragon is lightly wounded.
The steam dragon is covered in liquid flames!
The steam dragon burns!
The steam dragon bites you.
The steam dragon claws you but does no damage.
The steam dragon burns!
The steam dragon breathes steam at you. The ball of steam hits you!!
Casting: Sticky Flame (dangerous; 1% risk of failure)
Confirm with . or Enter, or press ? or * to list all spells.
You conjure some foxfire!
The steam dragon burns!
Unknown command.
Casting: Foxfire (safe; 1% risk of failure)
Confirm with . or Enter, or press ? or * to list all spells.
You conjure some foxfire!
The steam dragon burns!
The steam dragon stops burning.
The foxfire hits the steam dragon.
The steam dragon is heavily wounded.
The foxfire hits the steam dragon.
The steam dragon is severely wounded.
The steam dragon bites you but does no damage.
You block the steam dragon's attack.
Casting: Foxfire (safe; 1% risk of failure)
Confirm with . or Enter, or press ? or * to list all spells.
You conjure some foxfire!
The foxfire hits the steam dragon but does no damage.
The steam dragon is severely wounded.
Your foxfire is struck by lightning.
The foxfire hits the steam dragon.
The steam dragon is severely wounded.
The steam dragon bites you! The steam dragon misses you.
Casting: Foxfire (safe; 1% risk of failure)
Confirm with . or Enter, or press ? or * to list all spells.
You conjure some foxfire!
The foxfire hits the steam dragon but does no damage.
The steam dragon is severely wounded.
The foxfire hits the steam dragon.
The steam dragon is severely wounded.
The steam dragon breathes steam at you. The ball of steam hits you!
You die...

#.###########.....# #.....#
#.##########
#.....#######.#.........
#..........)).'.........
#.....#######.#.........
#####.....#§......#.........
#......#.##.#######.........
#......#.#.v§.....#.........
#......#.#§@§§....#.........
########.#vD○.....#.........
#≈≈ ##.##'#######.........
### #.>...................
#.....................
#.##################..
####.# ##. #....# ###.
#.#### #≈#.


You could see a steam dragon (catching breath, ally target).

Vanquished Creatures
  Joseph (D:7)
  Maggie (D:6)
  Grinder (D:3)
  A yak (D:7)
  Sigmund (D:3)
  A steam dragon (D:7)
  4 water moccasins
  2 sky beasts
  A black bear (D:6)
  2 ice beasts
  3 ogres
  Blork the orc (D:6)
  A bullfrog (D:7)
  A scorpion (D:5)
  6 killer bees (D:6)
  2 bullfrog zombies
  Crazy Yiuf (D:3)
  A centaur skeleton (D:5)
  2 jellies
  A gnoll shaman (D:7)
  3 hounds
  3 orc priests
  An iguana (D:6)
  A hound skeleton (D:4)
  6 adders
  3 gnolls (D:7)
  A shadow imp (D:6)
  2 white imps
  5 worms
  3 dart slugs (D:2)
  7 orcs
  9 ball pythons
  4 endoplasms
  2 giant cockroaches
  10 goblins
  3 hobgoblins
  15 jackals
  5 quokkas
  3 bats
  7 frilled lizards
  13 kobolds
  3 rats
143 creatures vanquished.

Vanquished Creatures (collateral kills)
  A foxfire (D:5)
1 creature vanquished.

Vanquished Creatures (others)
  A killer bee (D:7)
  418 foxfires
  34 plants (D:4)
453 creatures vanquished.

Grand Total: 597 creatures vanquished

Notes
Turn   | Place    | Note
-------+----------+-------------------------------------------
     0 | D:1      | graki42 the Deep Elf Fire Elementalist began the quest for
                  | the Orb.
     0 | D:1      | Reached XP level 1. HP: 10/10 MP: 6/6
   238 | D:1      | Reached XP level 2. HP: 15/15 MP: 6/8
   759 | D:2      | Found an opulent altar of Gozag.
   876 | D:2      | Reached XP level 3. HP: 19/19 MP: 7/9
   880 | D:2      | Learned a level 3 spell: Conjure Flame
   884 | D:2      | Learned a level 3 spell: Inner Flame
  1317 | D:2      | Reached skill level 1 in Hexes
  1853 | D:3      | Reached XP level 4. HP: 24/24 MP: 9/11
  2174 | D:3      | Reached skill level 4 in Spellcasting
  2229 | D:3      | Found a basalt altar of Yredelemnul.
  2229 | D:3      | Noticed Grinder
  2232 | D:3      | Paralysed by Grinder for 2 turns
  2528 | D:4      | Found a staircase to the Ecumenical Temple.
  2538 | Temple   | Entered the Ecumenical Temple
  2644 | Temple   | Became a worshipper of Qazlal Stormbringer
  2709 | D:4      | Found a large runed translucent door.
  2719 | D:4      | Found a large runed translucent door.
  2721 | D:4      | Found a shimmering altar of Xom.
  2775 | D:4      | Found a blossoming altar of Fedhas.
  2820 | D:4      | Found a shadowy altar of Dithmenos.
  2963 | D:4      | Reached XP level 5. HP: 27/28 MP: 10/13
  3266 | D:3      | Noticed Sigmund
  3284 | D:3      | Killed Sigmund
  3285 | D:3      | Reached skill level 5 in Spellcasting
  3285 | D:3      | Reached XP level 6. HP: 32/32 MP: 4/15
  3367 | D:3      | Found a runed translucent door.
  3368 | D:3      | Noticed Crazy Yiuf
  3405 | D:3      | Killed Crazy Yiuf
  3629 | D:3      | Killed Grinder
  3630 | D:3      | Reached skill level 5 in Fire Magic
  3630 | D:3      | Reached XP level 7. HP: 33/36 MP: 2/17
  4013 | D:5      | Entered Level 5 of the Dungeon
  4025 | D:5      | Found Himorer's Weapon Boutique.
  4033 | D:5      | Learned a level 4 spell: Sticky Flame
  4039 | D:5      | Learned a level 5 spell: Fireball
  4374 | D:5      | Reached skill level 6 in Spellcasting
  4540 | D:5      | Reached skill level 5 in Hexes
  4693 | D:5      | Reached XP level 8. HP: 41/41 MP: 15/20
  4790 | D:5      | Reached * piety under Qazlal
  4799 | D:5      | Reached skill level 5 in Conjurations
  4996 | D:5      | Reached skill level 7 in Spellcasting
  5142 | D:6      | Noticed Blork the orc
  5159 | D:6      | Killed Blork the orc
  5222 | D:6      | Identified the +1 scale mail "Lamof" {rC+}
  5281 | D:6      | Noticed Maggie
  5295 | D:6      | Killed Maggie
  5488 | D:6      | Reached skill level 8 in Spellcasting
  5790 | D:6      | Reached XP level 9. HP: 45/45 MP: 18/23
  5795 | D:6      | Learned a level 4 spell: Cause Fear
  5883 | D:6      | Reached ** piety under Qazlal
  6375 | D:7      | Found a bloodstained altar of Trog.
  6696 | D:7      | Reached skill level 9 in Spellcasting
  7117 | D:7      | Noticed Joseph
  7127 | D:7      | Killed Joseph
  7405 | D:7      | Killed from afar by a steam dragon

Illustrated notes

Levels and vault maps discovered:
D:1:      dpeg_arrival_simpleton_b, layout_rooms
D:2:      kennysheep_six_static_rooms, layout_basic, basic_altar
D:3:      layout_rooms, mainiacjoe_overflow_six_doors_small,
          uniq_crazy_yiuf_cottage, uniq_sigmund, uniq_grinder
D:4:      due_chaos_kobolds, layout_cave_pods,
          mainiacjoe_overflow_catch_the_wave, minmay_temple_entry_slanted,
          serial_glass, glass_columns_a, glass_columns_a, glass_columns_a,
          glass_columns_a
D:5:      layout_loops_cross, serial_shops, nicolae_take_the_stairs,
          ebering_dispersal_statue_hall
D:6:      layout_loops_ring, uniq_blork_the_orc, uniq_maggie
D:7:      layout_basic, mainiacjoe_overflow_chevrons, serial_aquarium,
          aquarium_bridge_square [aquarium_subvault_window,
          aquarium_subvault_bridge, aquarium_subvault_wall,
          aquarium_subvault_bridge], aquarium_window_fake, aquarium_window_fake,
          aquarium_window_1, aquarium_window_corner, aquarium_view_2d,
          amethyst_killhole, minmay_misc_feat_tiny, minmay_increasing_density,
          uniq_menkaure, uniq_joseph
D:8:      cheibrodos_quashed, layout_loops_ring, kennysheep_little_box,
          erik_lair_orcish_takeover
Temple:   compressed_dpeg_circular_temple

Skill      XL: |  1  2  3  4  5  6  7  8  9 |
---------------+----------------------------+-----
Stealth        | 3 |  3.0
Dodging        | 3 |  3.0
Hexes          | 1 2 3 4 5 7 8 |  8.9
Conjurations   | 2 3 4 6 7 |  7.6
Spellcasting   | 4 5 6 8 9 |  9.6
Fire Magic     | 4 5 6 7 8 |  8.3

Action                   |  1- 3 |  4- 6 |  7- 9 || total
-------------------------+-------+-------+-------++-------
Melee: Unarmed           |     1 |       |       ||     1
       Quarterstaff      |     1 |     6 |    14 ||    21
       Whip              |       |     7 |       ||     7
 Cast: Foxfire           |    75 |    88 |    92 ||   255
       Conjure Flame     |       |     4 |     2 ||     6
       Sticky Flame      |       |       |    24 ||    24
       Fireball          |       |       |     5 ||     5
       Inner Flame       |       |       |     1 ||     1
       Cause Fear        |       |       |     1 ||     1
Evoke: Wand              |       |       |     2 ||     2
  Use: Scroll            |       |       |     4 ||     4
       Potion            |       |       |     4 ||     4
 Stab: Confused          |       |       |     1 ||     1
Armor: Robe              |     1 |     4 |    21 ||    26
Dodge: Dodged            |     5 |    12 |    45 ||    62
Block: Other             |       |       |     8 ||     8
